AoeStats
← Nopec

Arena

506386290Analyzed
4v4 RM · 20d ago on Sep 13, 2026· 45m 22s· 8 players
Game mode
Random Map
Map size
Large (8 player)
Population
200
Speed
Normal
Resources
Standard
Victory
Conquest
Starting age
Dark Age
Ending age
Imperial Age
RankedLock teamsTeams togetherTeam positionsShared explorationLock speedFull tech treeHidden civsTurbo modeCheats
Victory
Defeat
🇳🇱 Inca · Netherlands
873
+13
🇧🇪 Malay · Belgium
862
+13
🇫🇷 Khmer · France
792
+16
🇩🇪 Malians · Germany
771
+18
🇹🇼 Slavs · Taiwan
826
-16
🇨🇳 Japanese · China
821
-16
🇨🇳 Celts · China
796
-15
🇨🇳 Persians · China
754
-13
Petrus
0:35 Loom
10:14 Feudal Age
17:09 Castle Age
17:58 Wheelbarrow
20:30 Stone Mining
20:33 Gold Mining
20:26 Horse Collar
20:32 Double-Bit Axe
27:41 Imperial Age
26:21 Tusk Swords
27:59 Fletching
28:10 Padded Archer Armor
29:38 Chemistry
29:04 Heavy Plow
30:44 Murder Holes
Nopec
7:56 Loom
10:52 Feudal Age
11:46 Double-Bit Axe
11:42 Horse Collar
16:36 Wheelbarrow
19:25 Castle Age
17:48 Stone Mining
19:21 Gold Mining
22:27 Forging
22:07 Fletching
22:20 Fletching
24:23 Ballistics
24:13 Scale Mail Armor
26:39 Squires
26:24 Arson
27:49 Town Watch
37:08 Imperial Age
36:23 Scale Barding Armor
36:53 Iron Casting
36:35 Chain Mail Armor
41:46 Conscription
41:43 Heavy Plow
42:37 Elite Gbeto
45:34 Chemistry
Vakturn
11:59 Feudal Age
16:14 Castle Age
14:27 Double-Bit Axe
14:40 Horse Collar
22:14 Stone Mining
21:59 Man-at-Arms
22:41 Squires
22:46 Town Watch
23:37 Wheelbarrow
24:04 Long Swordsman
25:39 Gold Mining
25:52 Caravan
26:47 Forging
28:30 Ballistics
28:06 Murder Holes
32:11 Imperial Age
32:20 Elite Karambit Warrior
33:22 Conscription
33:15 Two-Handed Swordsman
36:37 Iron Casting
35:53 Fletching
37:20 Forced Levy
40:37 Blast Furnace
39:33 Bodkin Arrow
39:54 Arson
Bart
0:28 Loom
11:53 Feudal Age
15:10 Wheelbarrow
18:50 Castle Age
17:03 Horse Collar
17:11 Double-Bit Axe
18:44 Stone Mining
21:29 Bow Saw
23:35 Heavy Plow
23:34 Gold Mining
28:03 Squires
29:11 Hand Cart
33:10 Imperial Age
30:26 Town Watch
30:36 Fletching
30:31 Pikeman
31:53 Forging
31:44 Scale Mail Armor
31:10 Champi Runner
32:15 Bodkin Arrow
33:22 Iron Casting
32:30 Champi Warrior
32:56 Arson
33:30 Chain Mail Armor
33:39 Town Patrol
33:41 Padded Archer Armor
34:24 Bracer
35:18 Hoardings
35:22 Crop Rotation
35:31 Gold Shaft Mining
36:42 Conscription
35:46 Capped Ram
37:02 Plate Mail Armor
36:44 Thumb Ring
37:46 Stone Shaft Mining
38:21 Chemistry
37:27 Siege Engineers
37:19 Murder Holes
37:58 Ballistics
37:58 Leather Archer Armor
38:35 Elite Skirmisher
38:52 Halberdier
39:37 Siege Ram
40:27 Andean Sling
44:33 Elite Champi Warrior
45:18 Fabric Shields
卖报的小行家
5:43 Loom
11:00 Feudal Age
11:41 Double-Bit Axe
11:40 Horse Collar
16:12 Wheelbarrow
18:43 Castle Age
18:44 Wheelbarrow
18:48 Scale Mail Armor
18:41 Man-at-Arms
19:46 Bow Saw
20:08 Pikeman
23:04 Hand Cart
24:28 Long Swordsman
27:58 Ballistics
30:03 Town Watch
30:05 Treadmill Crane
30:37 Masonry
30:22 Murder Holes
30:42 Forging
30:53 Gold Mining
31:01 Stone Mining
33:07 Arson
32:43 Long Swordsman
33:09 Gambesons
34:56 Heavy Plow
34:50 Gambesons
wdog30213
10:53 Feudal Age
9:27 Loom
12:19 Double-Bit Axe
13:16 Horse Collar
14:46 Wheelbarrow
16:57 Castle Age
24:26 Bow Saw
24:42 Heavy Plow
29:45 Hand Cart
36:54 Imperial Age
35:09 Detinets
35:16 Fletching
35:38 Forging
35:34 Scale Barding Armor
43:59 Chain Barding Armor
44:15 Iron Casting
43:35 Bodkin Arrow
43:50 Man-at-Arms
44:31 Squires
观月
0:34 Loom
12:27 Feudal Age
14:37 Wheelbarrow
18:08 Castle Age
17:28 Double-Bit Axe
17:53 Man-at-Arms
18:47 Scale Mail Armor
18:58 Forging
19:39 Long Swordsman
21:08 Squires
29:30 Chain Mail Armor
32:03 Iron Casting
33:56 Gold Mining
34:46 Hand Cart
38:32 Imperial Age
36:22 Bow Saw
39:29 Arson
40:24 Elite Samurai
41:39 Plate Mail Armor
41:55 Gold Shaft Mining
42:01 Conscription
wangye.kl5
4:20 Loom
11:04 Feudal Age
12:22 Wheelbarrow
11:37 Double-Bit Axe
11:35 Horse Collar
20:00 Castle Age
18:58 Bloodlines
19:10 Stone Mining
19:10 Gold Mining
19:38 Bloodlines
21:19 Heavy Plow
32:57 Husbandry
37:05 Imperial Age
44:01 Gold Shaft Mining
44:02 Stone Shaft Mining
44:32 Murder Holes
44:59 Ballistics
Connection lost

Rejoining the realm…

Still unreachable

The connection could not be restored.

Session expired

The server has moved on; the page needs a fresh start.